[Event "Titled Tuesday Blitz June 14 Late 2022"]
[White "Harsh Suresh"]
[Black "Hoffmann, Asa"]
[WhiteFideId "45018464"]
[BlackFideId "2001470"]
[WhiteElo "2059"]
[BlackElo "2117"]
[Result "1-0"]
[Round "10"]
[TimeControl "180+1"]
[Date "2022.06.14"]
[WhiteClock "0:00:05"]
[BlackClock "0:00:34"]

1. e4 d6 2. d4 Nf6 3. Nc3 c6 4. Nf3 Bg4 5. Be2 e6 6. O-O d5 7. e5 Nfd7 8. h3 Bh5 9. Ng5 Bg6 10. f4 Be7 11. Be3 h6 12. Nf3 c5 13. Qd2 Nc6 14. Kh1 a6 15. Rae1 Qc7 16. dxc5 Nxc5 17. Nd4 Ne4 18. Nxe4 Bxe4 19. c3 O-O-O 20. Bf3 Bxf3 21. Rxf3 Nxd4 22. Bxd4 g6 23. b4 Kb8 24. a4 Rc8 25. a5 Qc4 26. Rd1 Rc6 27. Bg1 Rhc8 28. Qf2 Kc7 29. Qa7 Qb5 30. Bb6+ Rxb6 31. Qxb6+ Qxb6 32. axb6+ Kxb6 33. g4 Rc4 34. f5 gxf5 35. gxf5 Bg5 36. fxe6 fxe6 37. Rd4 Kb5 38. h4 Rxd4 39. cxd4 Bxh4 40. Rf6 Kxb4 41. Rxe6 Kc4 42. Rxh6 Be7 43. Rh7 Ba3 44. Rxb7 Kxd4 45. e6 a5 46. Kg2 a4 47. Kf1 Bc5 48. e7 Bxe7 49. Rxe7 Kc3 50. Rc7+ Kb2 51. Ke2 a3 52. Kd2 a2 53. Rb7+ Ka1 54. Kc2 d4 55. Rf7 d3+ 56. Kb3 d2 57. Rf1+ d1=N 58. Rxd1# 1-0


[Site "https://www.chess.com"]

[Event "Titled Tuesday Blitz June 14 Late 2022"]
[White "Hnydiuk, Aleksander"]
[Black "D`Arruda, Ricardo D."]
[WhiteFideId "1109057"]
[BlackFideId "100692"]
[WhiteElo "2374"]
[BlackElo "2511"]
[Result "1-0"]
[Round "10"]
[TimeControl "180+1"]
[Date "2022.06.14"]
[WhiteClock "0:01:44"]
[BlackClock "0:00:41"]

1. d4 Nf6 2. c4 e5 3. dxe5 Ne4 4. a3 Nc6 5. Nf3 d6 6. exd6 Bxd6 7. Nbd2 Bf5 8. Nxe4 Bxe4 9. g3 Qf6 10. Bg2 O-O-O 11. Qa4 Nd4 12. Nxd4 Bxg2 13. Rg1 Be4 14. Qxa7 Be5 15. Qa8+ Kd7 16. Qa4+ c6 17. Be3 Bxd4 18. Bxd4 Qe6 19. O-O-O Ke7 20. Qb4+ Ke8 21. Bxg7 Rxd1+ 22. Rxd1 Rg8 23. Bc3 Bf5 24. Qxb7 Qe4 25. Qb8+ Ke7 26. Qd6+ Ke8 27. Qd8# 1-0


[Site "https://www.chess.com"]

[Event "Titled Tuesday Blitz June 14 Late 2022"]
[White "Holt, Conrad"]
[Black "Peng, David Yu"]
[WhiteFideId "2034387"]
[BlackFideId "2605376"]
[WhiteElo "2586"]
[BlackElo "2166"]
[Result "1-0"]
[Round "10"]
[TimeControl "180+1"]
[Date "2022.06.14"]
[WhiteClock "0:00:06"]
[BlackClock "0:00:04"]

1. d4 Nf6 2. c4 e6 3. Nc3 Bb4 4. Qc2 d6 5. Nf3 Nbd7 6. Bd2 O-O 7. a3 Bxc3 8. Bxc3 Qe7 9. e4 e5 10. d5 Nh5 11. g3 g6 12. Be2 Ng7 13. h4 f5 14. h5 fxe4 15. Qxe4 Nf6 16. Qh4 Ngxh5 17. Ng5 h6 18. Ne4 g5 19. Nxf6+ Nxf6 20. Qxh6 Qg7 21. Bd3 e4 22. Qxg7+ Kxg7 23. Bxe4 Re8 24. f3 Bf5 25. O-O Kg6 26. Bxf5+ Kxf5 27. g4+ Kg6 28. Rfe1 Nd7 29. Bd4 a6 30. b4 Kf7 31. Kf2 c6 32. Rxe8 Rxe8 33. Rh1 Kg6 34. dxc6 bxc6 35. Rd1 Re6 36. Rd2 c5 37. bxc5 dxc5 38. Be3 Ne5 39. Rd5 Nxc4 40. Rxg5+ Kf6 41. Rf5+ Kg6 42. Bxc5 Ne5 43. Kg3 Nd3 44. Rd5 Ne1 45. Rd6 Rxd6 46. Bxd6 Nc2 47. f4 Kf6 48. Be5+ Ke6 49. Bb2 Ne3 50. Kf3 Nc4 51. Bc1 Nd6 52. Ke3 Kd5 53. Kd3 Nc4 54. a4 Nb6 55. a5 Nc4 56. Bd2 Nd6 57. Be1 Nb7 58. Bb4 Nd8 59. f5 Nc6 60. Bc3 Ne7 61. Ke3 Kc4 62. Be1 Kd5 63. Kf4 Nc6 64. g5 Kd6 65. g6 Ke7 66. Kg5 Nd4 67. Bf2 Nb3 68. Bb6 Nd2 69. f6+ Ke6 70. f7 Ne4+ 71. Kh6 Ke7 72. Kg7 1-0


[Site "https://www.chess.com"]

[Event "Titled Tuesday Blitz June 14 Late 2022"]
[White "Ibarra Jerez, Jose Carlos"]
[Black "Sadhwani, Raunak"]
[WhiteFideId "2226332"]
[BlackFideId "35093487"]
[WhiteElo "2628"]
[BlackElo "2616"]
[Result "1-0"]
[Round "10"]
[TimeControl "180+1"]
[Date "2022.06.14"]
[WhiteClock "0:00:12"]
[BlackClock "0:00:03"]

1. Nf3 Nf6 2. g3 g6 3. b3 Bg7 4. Bb2 O-O 5. Bg2 d6 6. d4 b5 7. O-O Bb7 8. Qd3 a6 9. Nbd2 Nbd7 10. c4 bxc4 11. bxc4 a5 12. Rab1 Re8 13. e4 e5 14. d5 Nc5 15. Qc2 a4 16. Ba3 Nfd7 17. Ne1 Qc8 18. Bh3 Ba6 19. Bxc5 dxc5 20. Nd3 Bf8 21. Qxa4 Nb6 22. Bxc8 Nxa4 23. Bd7 Nc3 24. Bxe8 Rxe8 25. Rb3 Ne2+ 26. Kg2 Nd4 27. Ra3 Bc8 28. Ra5 f5 29. Nxc5 f4 30. f3 Nc2 31. Rb1 Ne3+ 32. Kf2 Bh6 33. Rb8 fxg3+ 34. hxg3 Nc2 35. Ncb3 Rf8 36. Raa8 Bd7 37. Rxf8+ Bxf8 38. c5 Kg7 39. Ra7 Bh3 40. Rxc7+ Kf6 41. d6 h5 42. Nc4 Nb4 43. Ne3 Be6 44. Rb7 Nc6 45. Nd5+ Kg5 46. Rc7 Nd8 47. d7 Bg7 48. c6 1-0


[Site "https://www.chess.com"]

[Event "Titled Tuesday Blitz June 14 Late 2022"]
[White "Injac, Teodora"]
[Black "Girsh, Daniel"]
[WhiteFideId "932400"]
[BlackFideId "30949190"]
[WhiteElo "2278"]
[BlackElo "2507"]
[Result "1/2-1/2"]
[Round "10"]
[TimeControl "180+1"]
[Date "2022.06.15"]
[WhiteClock "0:00:19"]
[BlackClock "0:01:02"]

1. Nf3 Nf6 2. c4 g6 3. Nc3 Bg7 4. e4 O-O 5. d4 d6 6. Be2 e5 7. O-O Nc6 8. Be3 Ng4 9. Bg5 f6 10. Bc1 Nh6 11. h3 Kh8 12. dxe5 fxe5 13. Bg5 Qd7 14. Qd2 Nf7 15. Be3 Nfd8 16. Ne1 Ne6 17. Nc2 Nf4 18. Bg4 Qf7 19. Bxc8 Raxc8 20. Nd5 Qe6 21. Rad1 g5 22. b4 Ne7 23. Nxe7 Qxe7 24. c5 Rf6 25. Kh2 Rh6 26. Bxf4 gxf4 27. cxd6 cxd6 28. Ne1 Rg6 29. Nf3 Rg8 30. Rg1 Bh6 31. Rc1 Qe6 32. Rc7 R6g7 33. Rxg7 Rxg7 34. Rc1 Rg8 35. Rc7 Qg6 36. Nh4 Qg5 37. Qxd6 Qxh4 38. Qxe5+ Bg7 39. Rxg7 Rxg7 40. Qe8+ Rg8 41. Qe5+ Rg7 42. Qe8+ Rg8 43. Qe5+ Rg7 1/2-1/2


[Site "https://www.chess.com"]

[Event "Titled Tuesday Blitz June 14 Late 2022"]
[White "Ivanisevic, Ivan"]
[Black "Sjugirov, Sanan"]
[WhiteFideId "912417"]
[BlackFideId "4189302"]
[WhiteElo "2535"]
[BlackElo "2602"]
[Result "1-0"]
[Round "10"]
[TimeControl "180+1"]
[Date "2022.06.14"]
[WhiteClock "0:00:16"]
[BlackClock "0:00:01"]

1. d4 Nf6 2. c4 e6 3. g3 c5 4. d5 exd5 5. cxd5 d6 6. Nc3 g6 7. Bg2 Bg7 8. Nf3 O-O 9. O-O Re8 10. Re1 Na6 11. h3 Nc7 12. e4 Nd7 13. Bf4 Ne5 14. Nxe5 Rxe5 15. Bxe5 Bxe5 16. f4 Bd4+ 17. Kh2 h5 18. Qf3 h4 19. g4 Qf6 20. Rf1 Bd7 21. Rae1 Re8 22. Kh1 b5 23. e5 dxe5 24. Ne4 Qg7 25. d6 Ne6 26. fxe5 Bxe5 27. Nf6+ Bxf6 28. Qxf6 Qxf6 29. Rxf6 Kg7 30. Ref1 Ng5 31. Bd5 Rf8 32. Kg2 c4 33. a3 a5 34. R1f2 b4 35. axb4 axb4 36. Bxc4 Bc6+ 37. Kh2 Kh6 38. Bxf7 Be4 39. Bc4 Rc8 40. b3 Ra8 41. Re2 1-0


[Site "https://www.chess.com"]

[Event "Titled Tuesday Blitz June 14 Late 2022"]
[White "Ivic, Velimir"]
[Black "Lashkin, Jegor"]
[WhiteFideId "950122"]
[BlackFideId "13907808"]
[WhiteElo "2610"]
[BlackElo "2368"]
[Result "0-1"]
[Round "10"]
[TimeControl "180+1"]
[Date "2022.06.14"]
[WhiteClock "0:00:02"]
[BlackClock "0:00:13"]

1. e4 c5 2. Nf3 d6 3. d4 cxd4 4. Nxd4 Nf6 5. Nc3 a6 6. Rg1 e5 7. Nb3 h5 8. Bg5 Nbd7 9. Qd2 Be7 10. O-O-O b5 11. a3 Bb7 12. Bd3 Rc8 13. Kb1 Qc7 14. f4 Nc5 15. Rgf1 Ncxe4 16. Nxe4 Nxe4 17. Bxe4 Bxe4 18. Bxe7 Qxe7 19. Ka1 O-O 20. c3 Rfd8 21. Rde1 Qb7 22. Qe3 Bd5 23. Nd2 a5 24. fxe5 dxe5 25. Qxe5 b4 26. c4 bxa3 27. bxa3 Bxc4 28. Rb1 Qd7 29. Nxc4 Rxc4 30. Rf2 Qa4 31. Qe7 Rf8 32. Rf3 Re4 33. Qc5 Re2 34. Rbf1 Rc2 35. Qd6 Qc4 0-1


[Site "https://www.chess.com"]

[Event "Titled Tuesday Blitz June 14 Late 2022"]
[White "Jobava, Baadur"]
[Black "Zierk, Steven"]
[WhiteFideId "13601520"]
[BlackFideId "2034255"]
[WhiteElo "2617"]
[BlackElo "2494"]
[Result "0-1"]
[Round "10"]
[TimeControl "180+1"]
[Date "2022.06.14"]
[WhiteClock "0:00:47"]
[BlackClock "0:00:23"]

1. b3 e5 2. Bb2 Nc6 3. Nf3 e4 4. Nd4 Nxd4 5. Bxd4 Nf6 6. e3 Be7 7. c4 O-O 8. Nc3 c5 9. Be5 d6 10. Bg3 Bf5 11. Bh4 Ng4 12. Bxe7 Qxe7 13. Be2 Qh4 14. Bxg4 Bxg4 15. Qc2 f5 16. O-O Rf6 17. f3 exf3 18. g3 Qg5 19. Nd5 Rf7 20. h4 Qh6 21. Kf2 Bh3 22. Rfb1 g5 23. hxg5 Qxg5 24. Qc3 Rg7 25. Kxf3 Bg2+ 26. Ke2 Qh5+ 27. Ke1 Qh1+ 28. Ke2 Bf3+ 29. Kd3 Be4+ 30. Ke2 Qf3+ 31. Ke1 Qxg3+ 32. Kd1 Qg1+ 33. Ke2 Rg2# 0-1


[Site "https://www.chess.com"]

[Event "Titled Tuesday Blitz June 14 Late 2022"]
[White "Kalajzic, Ivan"]
[Black "Oro, Luis"]
[WhiteFideId "14506378"]
[BlackFideId "104094"]
[WhiteElo "2163"]
[BlackElo "2373"]
[Result "1-0"]
[Round "10"]
[TimeControl "180+1"]
[Date "2022.06.15"]
[WhiteClock "0:00:30"]
[BlackClock "0:00:06"]

1. b3 e5 2. Bb2 Nc6 3. e3 d5 4. Bb5 Bd6 5. f4 f6 6. Qh5+ g6 7. Qh4 Bd7 8. Nf3 e4 9. Nd4 Nxd4 10. Bxd7+ Qxd7 11. Bxd4 Qf7 12. O-O c5 13. Bb2 Be7 14. f5 g5 15. Qg3 h5 16. d3 h4 17. Qe1 O-O-O 18. dxe4 dxe4 19. Nc3 Nh6 20. Qe2 Rhe8 21. Nxe4 Rd5 22. Rad1 Red8 23. c4 Rxd1 24. Rxd1 Rxd1+ 25. Qxd1 Nxf5 26. Qg4 Qe6 27. Nf2 Kd7 28. e4 Ng7 29. Qd1+ Bd6 30. Qd5 Qxd5 31. cxd5 Nh5 32. Ng4 Ke7 33. Nh6 b5 34. Nf5+ Kd7 35. Kf2 Bxh2 36. Kf3 c4 37. bxc4 bxc4 38. Kg4 Nf4 39. Bxf6 Ne2 40. e5 c3 41. e6+ Kc7 42. e7 Kd7 43. Ng7 c2 44. e8=Q+ Kc7 45. Qc6+ Kb8 46. Qxc2 1-0


[Site "https://www.chess.com"]

[Event "Titled Tuesday Blitz June 14 Late 2022"]
[White "Kamsky, Gata"]
[Black "Vasquez Schroeder, Rodrigo"]
[WhiteFideId "2000024"]
[BlackFideId "3400042"]
[WhiteElo "2645"]
[BlackElo "2567"]
[Result "1-0"]
[Round "10"]
[TimeControl "180+1"]
[Date "2022.06.14"]
[WhiteClock "0:00:12"]
[BlackClock "0:00:16"]

1. e4 c5 2. Nf3 d6 3. d4 cxd4 4. Qxd4 Nc6 5. Bb5 Bd7 6. Bxc6 Bxc6 7. c4 Nf6 8. Nc3 g6 9. O-O Bg7 10. Qd3 O-O 11. Nd4 Qb6 12. Nxc6 bxc6 13. b3 Nd7 14. Bd2 Nc5 15. Qc2 a5 16. Rab1 Qc7 17. Kh1 e5 18. Be3 Ne6 19. c5 Nd4 20. Qd3 Rfd8 21. cxd6 Rxd6 22. Qc4 Qb7 23. Rfc1 Rad8 24. Na4 h5 25. h3 Kh7 26. Nc5 Qe7 27. Qa6 Qc7 28. Qb7 Rc8 29. Qxc7 Rxc7 30. Rc4 Nb5 31. Rbc1 Bh6 32. Bxh6 Kxh6 33. a4 Nd4 34. b4 axb4 35. Rxb4 Ra7 36. a5 Nb5 37. a6 Kg7 38. Ra4 Kf6 39. h4 Ke7 40. g3 Rd4 41. Ra2 Kd6 42. Kg2 Kc7 43. Rac2 Kb6 44. Ra2 Rd6 45. Rb2 Rd4 46. Ra2 f5 47. exf5 gxf5 48. Na4+ Kc7 49. Nc5 Kb6 50. Na4+ Kc7 51. Nc5 Rd5 52. Rac2 Nd4 53. Rb2 Kd6 54. Rb7 Ra8 55. Rd7# 1-0


[Site "https://www.chess.com"]

[Event "Titled Tuesday Blitz June 14 Late 2022"]
[White "Kohler, Aran"]
[Black "Barash, Anton"]
[WhiteFideId "1002856"]
[BlackFideId "30935229"]
[WhiteElo "2245"]
[BlackElo "2142"]
[Result "0-1"]
[Round "10"]
[TimeControl "180+1"]
[Date "2022.06.15"]
[WhiteClock "0:00:22"]
[BlackClock "0:00:09"]

1. e4 e6 2. d4 d5 3. Nc3 Bb4 4. Bd2 dxe4 5. Qg4 Nf6 6. Qxg7 Rg8 7. Qh6 Qxd4 8. O-O-O Bf8 9. Qh4 Rg4 10. Qh3 Qxf2 11. Be3 Qh4 12. g3 Qxh3 13. Bxh3 Rg8 14. Bg2 Bd7 15. Nxe4 Nxe4 16. Bxe4 Bc6 17. Bxc6+ Nxc6 18. Nf3 f6 19. Rhe1 Kf7 20. Rd7+ Be7 21. Rxc7 Rab8 22. Bc5 Rgc8 23. Rxc8 Rxc8 24. Bxe7 Kxe7 25. Kd2 e5 26. c3 Ke6 27. Kc2 h6 28. a4 Nb4+ 29. Kb3 Nd3 30. Re3 Nc5+ 31. Ka3 Rd8 32. b4 Rd3 33. Nd4+ Kd5 34. Rxd3 Nxd3 35. Nf5 e4 36. Ne3+ Ke5 37. Kb3 f5 38. c4 Nc1+ 39. Kc2 Ne2 40. Nd5 Nd4+ 41. Kc3 Nf3 42. h4 Ng1 43. Ne3 Ne2+ 44. Kd2 Nxg3 45. c5 f4 46. Ng4+ Kd4 47. Nxh6 e3+ 48. Ke1 f3 49. Ng4 Ke4 50. b5 Kf4 51. c6 bxc6 52. bxc6 Kxg4 53. c7 f2+ 54. Kd1 f1=Q+ 55. Kc2 Qf8 56. Kd3 Qc8 57. Kxe3 Qxc7 58. Kd4 Kxh4 59. Kd5 Qa5+ 60. Kc6 Qxa4+ 61. Kb7 a5 0-1


[Site "https://www.chess.com"]

[Event "Titled Tuesday Blitz June 14 Late 2022"]
[White "Korchmar, Vasiliy"]
[Black "Swicarz, Maciej"]
[WhiteFideId "24131750"]
[BlackFideId "1113585"]
[WhiteElo "2370"]
[BlackElo "2049"]
[Result "1-0"]
[Round "10"]
[TimeControl "180+1"]
[Date "2022.06.14"]
[WhiteClock "0:01:03"]
[BlackClock "0:00:46"]

1. e4 c5 2. Nf3 d6 3. d4 cxd4 4. Nxd4 Nf6 5. Nc3 a6 6. f3 e5 7. Nb3 Be7 8. Be3 Be6 9. Qd2 h5 10. Nd5 Nxd5 11. exd5 Bf5 12. Bd3 Bxd3 13. Qxd3 Nd7 14. c4 Bg5 15. Bf2 Qf6 16. O-O O-O 17. Na5 Rfb8 18. b4 Qd8 19. Rab1 g6 20. Kh1 Qc7 21. Be3 Bf6 22. Rfc1 Bg7 23. Qd2 b6 24. Nc6 Re8 25. a4 e4 26. f4 Nf6 27. Qd4 Nd7 28. Qd2 f5 29. a5 bxa5 30. bxa5 Nc5 31. Bxc5 dxc5 32. Qe3 Bd4 33. Nxd4 cxd4 34. Qxd4 Qxf4 35. c5 Rab8 36. d6 h4 37. h3 Rb3 38. Qd5+ Kg7 39. Qxb3 e3 40. Qc3+ Kh7 41. d7 Rd8 42. c6 1-0


[Site "https://www.chess.com"]

[Event "Titled Tuesday Blitz June 14 Late 2022"]
[White "Kovanova, Baira"]
[Black "Romanchuk, Viktor"]
[WhiteFideId "4164083"]
[BlackFideId "14109271"]
[WhiteElo "2190"]
[BlackElo "2242"]
[Result "0-1"]
[Round "10"]
[TimeControl "180+1"]
[Date "2022.06.14"]
[WhiteClock "0:00:53"]
[BlackClock "0:00:36"]

1. e4 e6 2. d4 d5 3. e5 c5 4. c3 Nc6 5. Nf3 Bd7 6. Be2 f6 7. O-O Qb6 8. dxc5 Bxc5 9. b4 Be7 10. Be3 Qc7 11. exf6 Bxf6 12. Nd4 Nxd4 13. Bxd4 Bxd4 14. Bh5+ Ke7 15. cxd4 Nf6 16. Nd2 Qc3 17. Nb3 b6 18. a3 Ba4 19. Rb1 Rac8 20. Bf3 Qc2 21. Re1 Qxd1 22. Bxd1 Rc3 23. Re3 Ne4 24. Kf1 Rxe3 25. fxe3 Bxb3 26. Rxb3 Nd2+ 27. Ke2 Nxb3 28. Bxb3 Kd6 29. Bc2 h6 30. Bd3 a5 31. b5 Rc8 32. Kd2 Rc7 33. a4 Rc8 34. h3 Rc7 35. Bb1 Rc4 36. Bc2 e5 37. dxe5+ Kxe5 38. Bb3 Rc8 39. Bc2 d4 40. exd4+ Kxd4 41. Bb3 Rc3 42. Bd1 Ra3 0-1


[Site "https://www.chess.com"]

[Event "Titled Tuesday Blitz June 14 Late 2022"]
[White "Kozin, Yuri"]
[Black "Djabri,Massinas"]
[WhiteFideId "4129920"]
[BlackFideId "7905726"]
[WhiteElo "2548"]
[BlackElo "1941"]
[Result "0-1"]
[Round "10"]
[TimeControl "180+1"]
[Date "2022.06.15"]
[WhiteClock "0:00:03"]
[BlackClock "0:00:41"]

1. e4 e5 2. Nf3 Nc6 3. Bb5 Nf6 4. d3 Bc5 5. O-O Nd4 6. Ba4 Qe7 7. Be3 Nxf3+ 8. Qxf3 h6 9. Nc3 O-O 10. Qg3 Nh5 11. Qh3 Nf4 12. Bxf4 exf4 13. Nd5 Qe5 14. Qf3 Bd6 15. Nc3 c6 16. Rad1 Bc7 17. d4 Qg5 18. d5 Be5 19. Rd3 d6 20. h3 c5 21. Ne2 a6 22. c4 Rb8 23. Rb3 f5 24. exf5 Bxf5 25. Rb6 Qd8 26. Rb3 g5 27. Rc1 Qa5 28. Ra3 Bxb2 29. Rcc3 Bxa3 30. Rxa3 b5 31. Bc2 Qe1+ 32. Kh2 Bxc2 33. Rxa6 Rbe8 34. Ng1 Qe5 35. Ra7 Be4 36. Qh5 f3+ 37. g3 Qb2 38. h4 Qxf2+ 39. Kh3 Bf5+ 40. g4 Qg2# 0-1


[Site "https://www.chess.com"]

[Event "Titled Tuesday Blitz June 14 Late 2022"]
[White "Krstulovic, Alex"]
[Black "Pinheiro, Iung Alicio de O."]
[WhiteFideId "760056"]
[BlackFideId "2104350"]
[WhiteElo "2193"]
[BlackElo "2283"]
[Result "0-1"]
[Round "10"]
[TimeControl "180+1"]
[Date "2022.06.15"]
[WhiteClock "0:00:05"]
[BlackClock "0:00:13"]

1. e4 c5 2. Nf3 Nc6 3. d4 cxd4 4. Nxd4 e5 5. Nb5 d6 6. c4 Be7 7. N1c3 a6 8. Na3 f5 9. Bd3 f4 10. g3 Nf6 11. gxf4 exf4 12. Bxf4 O-O 13. Qd2 Ng4 14. Bg3 Bg5 15. f4 Bh6 16. O-O-O Nge5 17. Kb1 Bg4 18. Rdf1 b5 19. cxb5 Nb4 20. Be2 Be6 21. Qd1 Nd7 22. Qxd6 Bh3 23. Qxb4 Bxf1 24. Rxf1 axb5 25. Rd1 Qc8 26. Naxb5 Kh8 27. Nd6 Qc6 28. Bb5 Qc7 29. Nd5 Qa7 30. a4 Nc5 31. Rc1 Nxa4 32. Bc6 Rfb8 33. Nb5 Qa6 34. Bxa8 Qxa8 35. Rc7 Nb6 36. Qe7 Nxd5 37. exd5 Qxd5 0-1


[Site "https://www.chess.com"]

[Event "Titled Tuesday Blitz June 14 Late 2022"]
[White "Lagno, Kateryna"]
[Black "Le Goff, Ronan"]
[WhiteFideId "14109336"]
[BlackFideId "612073"]
[WhiteElo "2522"]
[BlackElo "2276"]
[Result "1-0"]
[Round "10"]
[TimeControl "180+1"]
[Date "2022.06.14"]
[WhiteClock "0:00:55"]
[BlackClock "0:00:01"]

1. e4 e5 2. Nf3 Nc6 3. Bb5 a6 4. Ba4 Nf6 5. O-O b5 6. Bb3 Be7 7. Re1 O-O 8. d3 d6 9. c3 Be6 10. Bxe6 fxe6 11. Nbd2 Qe8 12. Nf1 Nh5 13. d4 exd4 14. cxd4 Qg6 15. Ng3 Nxg3 16. hxg3 Kh8 17. Bf4 Rae8 18. Rc1 e5 19. dxe5 Nxe5 20. Nxe5 dxe5 21. Bxe5 Bg5 22. Rc5 Be7 23. Rxc7 Qf7 24. Qd4 Rd8 25. Qe3 Qe6 26. Qc3 Rf7 27. Rc6 Qd7 28. Rxa6 b4 29. Qc4 Rdf8 30. Bd4 1-0


[Site "https://www.chess.com"]

[Event "Titled Tuesday Blitz June 14 Late 2022"]
[White "Leiva, Gianmarco"]
[Black "Acosta, Pablo Ismael"]
[WhiteFideId "3804399"]
[BlackFideId "124311"]
[WhiteElo "2323"]
[BlackElo "2313"]
[Result "1-0"]
[Round "10"]
[TimeControl "180+1"]
[Date "2022.06.14"]
[WhiteClock "0:00:05"]
[BlackClock "0:00:06"]

1. e4 e6 2. d4 d5 3. Nd2 c5 4. Ngf3 cxd4 5. exd5 Qxd5 6. Bc4 Qd6 7. O-O Nf6 8. Nb3 Nc6 9. Nbxd4 Nxd4 10. Nxd4 Be7 11. Nb5 Qc6 12. Bd3 O-O 13. Bg5 b6 14. Nd4 Qd5 15. Nf3 Bb7 16. Qe2 h6 17. Bh4 Qh5 18. Bxf6 Bxf6 19. c3 Rac8 20. Be4 Bxe4 21. Qxe4 Rfd8 22. Rfd1 Be7 23. Qb7 Bc5 24. Rd7 Qf5 25. Rad1 Rxd7 26. Qxc8+ Kh7 27. Qxd7 g6 28. b4 Bf8 29. Qxa7 Bg7 30. Qd7 Qc2 31. Qd2 Qe4 32. Re1 Qc4 33. Ne5 Qc7 34. f4 b5 35. Kh1 Qa7 36. Rd1 Qa4 37. Re1 Qa3 38. h3 Qa7 39. Re2 f6 40. Nf3 e5 41. fxe5 fxe5 42. Nxe5 Qc7 43. Qd3 Bxe5 44. Qxb5 Bg7 45. Qd3 Qf4 46. Re1 Be5 47. Qd7+ Bg7 48. Qd3 h5 49. Qf3 Qd2 50. Qe3 Qb2 51. b5 Bxc3 52. Qe7+ Kh6 53. Qe2 Qb4 54. Qe3+ g5 55. Qe6+ Kg7 56. Qe7+ Kg6 57. Qxb4 Bxb4 58. Rc1 Ba5 59. b6 Kf5 60. b7 Bc7 61. Rxc7 1-0


[Site "https://www.chess.com"]

[Event "Titled Tuesday Blitz June 14 Late 2022"]
[White "Lewtak, Damian"]
[Black "Ambartsumova, Karina"]
[WhiteFideId "1141724"]
[BlackFideId "4166299"]
[WhiteElo "2379"]
[BlackElo "2262"]
[Result "0-1"]
[Round "10"]
[TimeControl "180+1"]
[Date "2022.06.14"]
[WhiteClock "0:00:20"]
[BlackClock "0:00:55"]

1. a3 e5 2. c4 g6 3. Nc3 Bg7 4. g3 Ne7 5. Bg2 O-O 6. d3 c6 7. h4 h5 8. Nf3 d5 9. cxd5 cxd5 10. Qb3 Nbc6 11. Bg5 f6 12. Bd2 Kh7 13. Rc1 Be6 14. O-O Qd7 15. Na4 b6 16. Qd1 Rac8 17. b4 e4 18. Nh2 f5 19. dxe4 dxe4 20. Bg5 Nd4 21. Nc3 Nec6 22. e3 Bb3 23. Qd2 Bc4 24. Rfd1 Bd3 25. exd4 Nxd4 26. Kh1 Nb3 27. Qe3 Nxc1 28. Nxe4 fxe4 29. Rxc1 Rxc1+ 30. Qxc1 Rxf2 31. Be3 Rb2 32. Bf1 Rb1 0-1


[Site "https://www.chess.com"]

[Event "Titled Tuesday Blitz June 14 Late 2022"]
[White "Martinez Alcantara, Jose Eduardo"]
[Black "Andreikin, Dmitry"]
[WhiteFideId "3805662"]
[BlackFideId "4158814"]
[WhiteElo "2703"]
[BlackElo "2736"]
[Result "0-1"]
[Round "10"]
[TimeControl "180+1"]
[Date "2022.06.14"]
[WhiteClock "0:00:01"]
[BlackClock "0:00:28"]

1. e4 e6 2. d4 d5 3. Nc3 Bb4 4. e5 c5 5. a3 Bxc3+ 6. bxc3 Qa5 7. Bd2 Qa4 8. Qg4 Kf8 9. Qd1 Ne7 10. Nf3 b6 11. Qb1 Ba6 12. Qb3 Qc6 13. Bxa6 Nxa6 14. h4 h6 15. h5 Nb8 16. g4 Nd7 17. Rc1 Rc8 18. Kf1 Ke8 19. Kg2 Kd8 20. a4 Kc7 21. a5 b5 22. Qa3 a6 23. Be3 Kb7 24. Rh3 Ka8 25. Kh2 Qb7 26. Kg3 Nc6 27. Rhh1 Qc7 28. Kg2 Rhg8 29. Ra1 g6 30. Bxh6 gxh5 31. g5 b4 32. cxb4 cxd4 33. Qd3 Qb7 34. Rae1 Nxb4 35. Qh7 Nc5 36. Nxd4 Ne4 37. Nf3 Rg6 38. Rxh5 Rxc2 39. Rf1 Nd3 40. Kg1 d4 41. Qh8+ Ka7 42. Bf8 Nf4 43. Rh4 Nxg5 44. Bc5+ Rxc5 0-1


[Site "https://www.chess.com"]

[Event "Titled Tuesday Blitz June 14 Late 2022"]
[White "Martinez Reyes, Pedro Ramon"]
[Black "Zhou, Liran"]
[WhiteFideId "3901807"]
[BlackFideId "30931967"]
[WhiteElo "2410"]
[BlackElo "2631"]
[Result "1-0"]
[Round "10"]
[TimeControl "180+1"]
[Date "2022.06.14"]
[WhiteClock "0:01:38"]
[BlackClock "0:00:08"]

1. e4 c5 2. c3 Nf6 3. e5 Nd5 4. Bc4 e6 5. Nf3 Nc6 6. O-O d6 7. exd6 Bxd6 8. d4 cxd4 9. Nxd4 O-O 10. Nxc6 bxc6 11. Nd2 Qc7 12. Kh1 Rb8 13. Ne4 Be5 14. Qe2 Nf4 15. Bxf4 Bxf4 16. g3 Bh6 17. Rad1 c5 18. Kg1 Bb7 19. Nd6 Ba8 20. b3 Rbd8 21. Nxf7 Qb7 22. Nxh6+ gxh6 23. Qxe6+ Kg7 24. Qe5+ Rf6 25. f3 Qxf3 26. Rxf3 Rxd1+ 27. Rf1 1-0


[Site "https://www.chess.com"]

[Event "Titled Tuesday Blitz June 14 Late 2022"]
[White "Melikhov, Evgeny V."]
[Black "Isajevsky, Anton"]
[WhiteFideId "4122046"]
[BlackFideId "4142500"]
[WhiteElo "1904"]
[BlackElo "2510"]
[Result "0-1"]
[Round "10"]
[TimeControl "180+1"]
[Date "2022.06.15"]
[WhiteClock "0:00:01"]
[BlackClock "0:00:03"]

1. d4 d5 2. c4 e6 3. Nc3 a6 4. cxd5 exd5 5. Nf3 c6 6. Bg5 Nf6 7. e3 Be7 8. Bd3 Nbd7 9. Qc2 Nf8 10. O-O g6 11. Rab1 Ne6 12. Bxf6 Bxf6 13. b4 O-O 14. a4 Re8 15. b5 axb5 16. axb5 c5 17. dxc5 Nxc5 18. Rbc1 Be6 19. Ne2 Rc8 20. Ned4 Bg4 21. h3 Ne4 22. Qb3 Bxd4 23. hxg4 Rxc1 24. Rxc1 Bb6 25. Bxe4 dxe4 26. Rd1 Qe7 27. Nd4 Rd8 28. Ne2 Rxd1+ 29. Qxd1 Qc5 30. Qd7 Kg7 31. Ng3 Qc7 32. Qxc7 Bxc7 33. Nxe4 Kf8 34. g5 Ke7 35. Nf6 h5 36. f4 Ke6 37. Kf2 Bd8 38. Ne4 Bb6 39. Kf3 Kd5 40. Nf6+ Kc4 41. g4 hxg4+ 42. Kxg4 Bxe3 43. Ne8 Bc5 44. b6 Kd5 45. f5 Bxb6 46. fxg6 fxg6 47. Nf6+ Ke6 48. Kf4 Bd4 49. Ne4 b5 50. Nd2 Kd5 51. Nb3 b4 0-1


[Site "https://www.chess.com"]

[Event "Titled Tuesday Blitz June 14 Late 2022"]
[White "Nakamura, Hikaru"]
[Black "Bernadskiy, Vitaliy"]
[WhiteFideId "2016192"]
[BlackFideId "14100371"]
[WhiteElo "2850"]
[BlackElo "2473"]
[Result "1/2-1/2"]
[Round "10"]
[TimeControl "180+1"]
[Date "2022.06.14"]
[WhiteClock "0:00:11"]
[BlackClock "0:00:17"]

1. Nf3 d5 2. e3 g6 3. c4 c6 4. Qa4 Nf6 5. cxd5 Nxd5 6. Nc3 Bg7 7. Be2 O-O 8. O-O Nd7 9. Nxd5 cxd5 10. d4 Nb6 11. Qb3 Bg4 12. a4 Qd7 13. a5 Bxf3 14. gxf3 Nc8 15. Bd2 e6 16. Bb4 Nd6 17. Rac1 Rfc8 18. Bxd6 Qxd6 19. Rxc8+ Rxc8 20. Qxb7 Rb8 21. Qxa7 Rxb2 22. Bd3 Rd2 23. Bb1 Bf6 24. Qb7 Qa3 25. a6 Rb2 26. Qa8+ Kg7 27. a7 Rb5 28. Bd3 Ra5 29. Qb7 Rxa7 30. Qb1 Qa2 31. Qxa2 Rxa2 32. f4 Bh4 33. Kg2 h6 34. Kf3 g5 35. f5 Kf6 36. fxe6 fxe6 37. h3 e5 38. dxe5+ Kxe5 39. Bg6 d4 40. exd4+ Kxd4 41. Bf7 Rd2 42. Bh5 Ke5 43. Re1+ Kf6 44. Rf1 Rxf2+ 45. Rxf2 Bxf2 46. Kxf2 Kg7 47. Kf3 Kh8 48. Ke4 Kg8 49. Kf5 Kh8 50. Kg6 Kg8 51. Bg4 Kh8 52. Bh5 Kg8 53. Kf6 Kh8 54. Kf7 Kh7 55. Kf8 Kh8 56. Ke7 Kg7 57. Ke6 Kg8 58. Kf6 Kh8 59. Bg6 h5 60. Bxh5 Kh7 61. Bg6+ Kg8 62. Bh5 Kh7 63. Kf7 Kh8 64. Bg6 g4 65. hxg4 1/2-1/2


[Site "https://www.chess.com"]